 Dungeon Crawl Stone Soup version 0.28.0 (webtiles) character file.

Game seed: 7395906721691361309

18 growler the Gusty (level 2, 0/15 HPs)
             Began as a Tengu Air Elementalist on Feb 16, 2022.
             Slain by a jackal (3 damage)
             ... on level 2 of the Dungeon.
             The game lasted 00:01:45 (1405 turns).

growler the Gusty (Tengu Air Elementalist)          Turns: 1405, Time: 00:01:46

Health: 0/15       AC:  2    Str:  8    XL:     2   Next: 70%
Magic:  1/6        EV: 12    Int: 15    God:
Gold:   31         SH:  0    Dex: 14    Spells: 4/5 levels left

rFire   . . .      SeeInvis .   (no weapon)
rCold   . . .      Faith    .   (no shield)
rNeg    . . .      Spirit   .   a - +0 robe
rPois   .          Reflect  .   (helmet restricted)
rElec   .          Harm     .   (no cloak)
rCorr   .          Rampage  .   (no gloves)
Will    .....                   (boots unavailable)
Stlth   ++........              (no amulet)
HPRegen 0.05/turn               (no ring)
MPRegen 0.10/turn               (no ring)

@: no status effects
A: beak, talons 3
a: no special abilities


You were on level 2 of the Dungeon.
You visited 1 branch of the dungeon, and saw 2 of its levels.

You collected 31 gold pieces.

Inventory:

Armour
 a - a +0 robe (worn)
Scrolls
 b - a scroll of identify {unknown}
 c - a scroll of amnesia {unknown}
 e - 2 scrolls of noise {unknown}
 g - a scroll of fear {unknown}
Potions
 d - a potion of ambrosia {unknown}
 f - a potion of flight {unknown}


   Skills:
 - Level 2.1 Dodging
 - Level 2.0 Stealth
 + Level 2.3 Spellcasting
 + Level 2.2 Conjurations
 + Level 4.4 Air Magic


You had 4 spell levels left.
You knew the following spells:

 Your Spells              Type           Power      Damage    Failure   Level
a - Shock                 Conj/Air       44%        1d5       5%          1

Your spell library contained the following spells:

 Spells                   Type           Power      Damage    Failure   Level
 Static Discharge         Conj/Air       11%        N/A       9%          2
 Swiftness                Air            15%        N/A       11%         3
 Airstrike                Air            7%         N/A       34%         4


Dungeon Overview and Level Annotations

Branches:
Dungeon (2/15)

Altars:


Innate Abilities, Weirdness & Mutations

You have a beak for a mouth.
You have claws for feet.


Message History

Your peck misses the jackal. The jackal bites you.
The jackal closely misses you.
Unknown command.
You hit the jackal. The jackal barely misses you. The jackal bites you.
* * * LOW HITPOINT WARNING * * *
A jackal comes into view.
The jackal bites you.
* * * LOW HITPOINT WARNING * * *
You hit the jackal but do no damage.
The jackal bites you but does no damage.
A jackal comes into view.
The jackal misses you. The jackal barely misses you.
Unknown command.
You barely miss the jackal.
The jackal barks!
You peck the jackal.
You kill the jackal!
The jackal bites you but does no damage.
Unknown command.
The jackal closely misses you. The jackal barely misses you.
The jackal barely misses you.
The zap hits the jackal.
You kill the jackal!
The zap hits the jackal.
The zap misses the jackal.
The zap hits the jackal.
The zap misses the jackal.
The jackal misses you. The jackal bites you.
* * * LOW HITPOINT WARNING * * *
The zap hits the jackal.
You kill the jackal!
The zap hits the jackal. x3
You kill the jackal!
The jackal closely misses you. The jackal closely misses you.
The jackal misses you.
You miscast Shock.
You are very lightly contaminated with residual magic.
Nothing appears to happen.
The jackal closely misses you. The jackal barely misses you.
The jackal closely misses you.
The jackal bites you but does no damage.
Your magical contamination has completely faded away.
The jackal bites you but does no damage.
The zap misses the jackal. x2; The jackal barely misses you.
The jackal bites you but does no damage.
The jackal bites you.
* * * LOW HITPOINT WARNING * * *
The jackal closely misses you. The jackal bites you.
You die...

#.###.# #..##.#
#..##.# .$...
#..##.# ....
#...#.# ... #.#.#.#
.. #.#...# .
#.##..#####
#<##....@.#
############..###h#
..†.h.†.# #.># #.#
#######.# #### #.#
#†# #.# #.# #.# #.#
#.# #.# #.# #.# #.#


You could see a jackal.

Vanquished Creatures
  An endoplasm (D:1)
  A goblin (D:1)
  3 hobgoblins
  4 jackals (D:2)
  2 quokkas (D:1)
  2 ball pythons (D:1)
  2 bats (D:1)
  A rat (D:1)
16 creatures vanquished.

Notes
Turn   | Place    | Note
-------+----------+-------------------------------------------
     0 | D:1      | growler the Tengu Air Elementalist began the quest for the
                  | Orb.
     0 | D:1      | Reached XP level 1. HP: 10/10 MP: 4/4
   695 | D:1      | Reached XP level 2. HP: 15/15 MP: 3/6
  1405 | D:2      | Slain by a jackal

Illustrated notes

Levels and vault maps discovered:
D:1:      minmay_arrival_loop, layout_basic, chequers_serial_rivers_small_3
D:2:      layout_basic, hellmonk_ecumenical_altar_lost_god,
          chequers_serial_rivers_large_a, uniq_robin

Skill      XL: |  1  2 |
---------------+-------+-----
Conjurations   | 2 |  2.2
Dodging        | |  2.1
Stealth        | |  2.0
Spellcasting   | |  2.3
Air Magic      | |  4.4

Action                   || total
-------------------------++-------
Melee: Unarmed           ||     7
       Peck              ||     3
       Kick              ||     1
 Cast: Shock             ||    36
Armor: Robe              ||     5
Dodge: Dodged            ||    19
